 Dungeon Crawl Stone Soup version 0.26.0-10-g1f06aea511 (webtiles) character file.

Game seed: 2797214235495000493

7621 Dracia the Spear-Bearer (level 10, -4/83 HPs)
             Began as a Demonspawn Gladiator on Jan 16, 2021.
             Was a Believer of Yredelemnul.
             Hit by a large rock thrown by a cyclops (22 damage)
             ... on level 10 of the Dungeon.
             The game lasted 00:27:23 (12149 turns).

Dracia the Spear-Bearer (Demonspawn Gladiator)     Turns: 12149, Time: 00:27:24

Health: -4/83      AC:  8    Str: 23    XL:     10   Next: 98%
Magic:  15/15      EV: 19    Int: 10    God:    Yredelemnul [**....]
Gold:   702        SH:  0    Dex: 15    Spells: 9/9 levels left

rFire    . . .     SeeInvis .   a - +1 trident (protect)
rCold    . . .     Faith    .   (no shield)
rNeg     + . .     Spirit   .   u - +1 ring mail of Petat {rElec rN+}
rPois    .         Reflect  .   c - +0 helmet
rElec    +         Harm     .   t - +0 cloak
rCorr    .         Rampage  .   (no gloves)
Will     .....                  (no boots)
Stlth    +.........             (no amulet)
HPRegen  0.23/turn              E - +4 ring of evasion
MPRegen  0.14/turn              S - +6 ring of strength

@: no status effects
A: talons 1, repulsion field 2, demonic guardian 1, powered by death 1
a: Renounce Religion, Animate Remains, Recall Undead Slaves, Injury Mirror


You were on level 10 of the Dungeon.
You worshipped Yredelemnul.
Yredelemnul was pleased with you.
You visited 2 branches of the dungeon, and saw 12 of its levels.

You collected 702 gold pieces.


Innate Abilities, Weirdness & Mutations

You have sharp toenails.
You are surrounded by a moderate repulsion field. (EV +3)
A weak demonic guardian rushes to your aid.
You regenerate a little health from kills.


   Skills:
 + Level 9.5 Fighting
 * Level 12.1 Polearms
 - Level 1.7 Throwing
 - Level 2.6 Dodging
 + Level 7.0 Invocations


You had 9 spell levels left.
You didn't know any spells.
Your spell library contained the following spells:

 Spells                   Type           Power        Failure   Level
 Bolt of Magma            Conj/Fire/Erth 0%           100%        5
 Iskenderun's Battlesphe  Conj           0%           100%        5
 Iron Shot                Conj/Erth      0%           100%        6
 Orb of Destruction       Conj           0%           100%        7
 Spellforged Servitor     Conj/Summ      0%           100%        7

Inventory:

Hand Weapons
 a - a +1 trident of protection (weapon)
 b - a +0 hunting sling
 J - a +1 spear of flaming
Missiles
 d - 6 throwing nets {=f=f}
 l - 260 stones
 y - 6 javelins
 z - 7 boomerangs
 G - 8 poisoned darts (quivered)
Armour
 c - a +0 helmet (worn)
 g - a +0 scale mail
 t - a +0 cloak (worn)
 u - the +1 ring mail of Petat (worn) {rElec rN+}
   (You found it on level 6 of the Dungeon)

   It insulates you from electricity.
   It protects you from negative energy.
 B - a +0 leather armour
Magical Staves
 F - an uncursed staff of poison {!a!a, unknown}
Jewellery
 v - an uncursed ring of see invisible
 E - a +4 ring of evasion (left hand)
 I - a +6 ring of strength
 Q - an uncursed ring of stealth
 S - a +6 ring of strength (right hand)
Wands
 n - a wand of digging (17)
 s - a wand of flame (32)
 x - a wand of enslavement (6)
 H - a wand of random effects (10)
 K - a wand of disintegration (15)
 L - a wand of iceblast (6)
Scrolls
 e - 2 scrolls of magic mapping {unknown}
 f - 2 scrolls of remove curse {@r2@r2}
 j - 4 scrolls of teleportation {@r4@r4}
 q - a scroll of amnesia {unknown}
 A - 3 scrolls of enchant armour {unknown}
 C - 2 scrolls of enchant weapon
 M - a scroll of torment {unknown}
 N - a scroll of identify {@r1@r1}
Potions
 h - 4 potions of curing {@q1@q1}
 i - 4 potions of attraction
 k - 6 potions of flight
 m - 2 potions of magic
 o - 2 potions of haste {@q3@q3}
 p - 4 potions of brilliance {unknown}
 r - a potion of heal wounds {@q2@q2}
 w - 3 potions of mutation {unknown}
 D - a potion of degeneration {unknown}
 O - a potion of invisibility {unknown}
Miscellaneous
 P - a box of beasts (inert)

Dungeon Overview and Level Annotations

Branches:
Dungeon (11/15)            Temple (1/1) D:7
   Lair: D:8-11         Orc: D:9-12

Altars:
Ashenzari
Cheibriados
Dithmenos
Elyvilon
Fedhas
Gozag
Hepliaklqana
Kikubaaqudgha
Makhleb
Nemelex Xobeh
Okawaru
Qazlal
Ru
Sif Muna
Trog
Uskayaw
Vehumet
Wu Jian
Xom
Yredelemnul
Zin
The Shining One

Annotations:
D:10 3 runed translucent doors, Joseph

##########
.........######
.#####.......# #####
#..DC)(.@H..# #...#
#.....c####...# #...#
#....... ##..# #....
#...###... #..## #....
#.. Cc##.
#...########.... #. D..
..#......Z........ #
..e......#..#.###'#...#
#..).#...#..#.#...#...#
#...#.##.#...#...#


You could see a seven-headed hydra, a centaur warrior, a cyclops and a friendly
larval oxshock beast (summoned).


Message History

Aim: a centaur warrior, wielding a +0 shortbow and quivering 18 arrows (heavily wounded)
The mass of ice explodes!
The iceblast engulfs the centaur warrior!
The centaur warrior is severely wounded.
The iceblast engulfs the cyclops!
The cyclops is heavily wounded.
The centaur warrior shoots an arrow.
The arrow hits you!
* * * LOW HITPOINT WARNING * * *
The centaur warrior shoots an arrow.
The arrow hits you!
* * * LOW HITPOINT WARNING * * *
The centaur warrior shoots an arrow.
The arrow hits your iron imp.
Your white imp gestures at the cyclops.
The puff of frost hits the cyclops.
Use which ability? (? or * to list)
Okay, then.
Evoke which item? (* to show all) (? for menu, Esc to quit)
You open the lid... ...and a larval oxshock beast leaps out!
The box is emptied!
The centaur warrior unwields a +0 shortbow.
The centaur warrior hits your iron imp! The cyclops hits your white imp!!
Your white imp dies!
The cyclops shouts!
You hear a bellow!
The centaur warrior wields a +0 shortbow.
The centaur warrior shoots an arrow.
The arrow hits your iron imp!
Your iron imp dies!
The cyclops throws a large rock.
The large rock hits you!!
You die...
Your body rises from the dead as a mindless zombie.

Skill      XL: |  1  2  3  4  5  6  7  8  9 10 |
---------------+-------------------------------+-----
Polearms       | 3 4 5 6 7 9 11 12 | 12.1
Fighting       | 3 4 5 7 8 9 |  9.5
Invocations    | 4 7 |  7.0
Throwing       | |  1.7
Dodging        | |  2.6

Action                   |  1- 3 |  4- 6 |  7- 9 | 10-12 || total
-------------------------+-------+-------+-------+-------++-------
Melee: Trident           |   124 |   240 |   473 |    63 ||   900
       Kick              |       |       |   116 |    60 ||   176
       Spear             |       |       |       |   136 ||   136
Throw: Boomerang         |       |       |     1 |       ||     1
       Javelin           |       |       |       |     8 ||     8
       Dart              |       |       |       |     2 ||     2
       Stone             |       |       |       |     1 ||     1
Invok: Animate Remains   |       |       |       |     2 ||     2
Evoke: Wand              |       |       |     3 |     4 ||     7
       Box of beasts     |       |       |       |     1 ||     1
  Use: Potion            |       |     3 |       |     2 ||     5
       Scroll            |       |     5 |     8 |     2 ||    15
 Stab: Sleeping          |       |     3 |       |       ||     3
       Paralysed         |       |     3 |       |       ||     3
       Distracted        |       |       |     4 |     4 ||     8
Armor: Leather armour    |    36 |    26 |       |       ||    62
       Scale mail        |       |    12 |    85 |       ||    97
       Ring mail         |       |       |    73 |    27 ||   100
Dodge: Dodged            |   101 |   112 |   312 |   127 ||   652

Levels and vault maps discovered:
D:1:      grunt_arrival_lava_bath, layout_basic
D:2:      layout_loops_ring, brannock_xom_greatest_gift, uniq_jessica,
          uniq_natasha
D:3:      layout_basic, grunt_decor_fettered,
          nicolae_ru_great_annihilating_truth, uniq_robin
D:4:      minmay_razor_zed, layout_basic, dk_noncrumbling_2,
          uniq_crazy_yiuf_cottage
D:5:      layout_basic, uniq_grinder, uniq_ijyb
D:6:      layout_rooms, ebering_ghost_sewer_d, minivault_22, uniq_eustachio,
          uniq_prince_ribbit1, uniq_duvessa
D:7:      layout_rooms, temple_doors_ab
D:8:      layout_gridville, minmay_fractal_squares_diagonal_5, uniq_grum
D:9:      layout_basic, kennysheep_mini_moat, uniq_psyche, uniq_erolcha
D:10:     layout_irregular_city, serial_column_ruins,
          column_ruins_open_tiny_water, column_ruins_grid_3,
          column_ruins_corridor_straight, gammafunk_ghost_spectres,
          minmay_radiant, uniq_joseph, uniq_harold
D:11:     kennysheep_spiral_hall, layout_stronghold, lair_entry_dummy,
          serial_shops, shop
Temple:   compressed_dpeg_triangle_lava_temple

Notes
Turn   | Place    | Note
-------+----------+-------------------------------------------
     0 | D:1      | Dracia the Demonspawn Gladiator began the quest for the
                  | Orb.
     0 | D:1      | Reached XP level 1. HP: 16/16 MP: 1/1
    14 | D:1      | You fall into a shaft and drop 1 floor!
    92 | D:2      | Reached skill level 3 in Polearms
   107 | D:2      | Gained mutation: You are surrounded by a mild repulsion
                  | field. (EV +2) [demonic ancestry]
   107 | D:2      | Reached XP level 2. HP: 9/22 MP: 2/2
   446 | D:1      | Gained mutation: You are surrounded by a moderate repulsion
                  | field. (EV +3) [demonic ancestry]
   446 | D:1      | Reached XP level 3. HP: 27/28 MP: 3/3
  1026 | D:2      | Noticed Natasha
  1039 | D:2      | Killed Natasha
  1042 | D:2      | Reached skill level 4 in Polearms
  1330 | D:2      | Noticed Natasha
  1341 | D:2      | Killed Natasha
  1342 | D:2      | Reached skill level 3 in Fighting
  1342 | D:2      | Gained mutation: A weak demonic guardian rushes to your
                  | aid. [demonic ancestry]
  1342 | D:2      | Reached XP level 4. HP: 28/35 MP: 4/4
  1562 | D:2      | Noticed Natasha
  1565 | D:2      | Killed Natasha
  1675 | D:2      | Noticed Jessica
  1693 | D:2      | Killed Jessica
  1694 | D:2      | Reached XP level 5. HP: 21/41 MP: 5/5
  2311 | D:2      | Found a shimmering altar of Xom.
  2481 | D:3      | Noticed Robin
  2500 | D:3      | Killed Robin
  2501 | D:3      | Reached skill level 5 in Polearms
  2618 | D:3      | Found a sacrificial altar of Ru.
  3421 | D:3      | Reached XP level 6. HP: 48/48 MP: 6/6
  3671 | D:4      | Reached skill level 4 in Fighting
  3780 | D:4      | HP: 4/48 [poisoned by a worker ant]
  3786 | D:4      | HP: 3/48 [poisoned by a worker ant]
  3794 | D:4      | HP: 2/48 [poisoned by a worker ant]
  4618 | D:4      | Reached skill level 6 in Polearms
  5017 | D:4      | Reached XP level 7. HP: 55/55 MP: 7/7
  5302 | D:4      | Reached skill level 5 in Fighting
  5785 | D:4      | Found a runed translucent door.
  5786 | D:4      | Noticed Crazy Yiuf
  5795 | D:4      | Killed Crazy Yiuf
  5995 | D:5      | Entered Level 5 of the Dungeon
  6003 | D:5      | Reached skill level 7 in Polearms
  6044 | D:5      | Noticed Grinder
  6067 | D:5      | Killed Grinder
  6341 | D:5      | Gained mutation: You have sharp toenails. [demonic
                  | ancestry]
  6341 | D:5      | Reached XP level 8. HP: 59/64 MP: 8/8
  6345 | D:5      | Noticed Ijyb
  6369 | D:5      | Killed Ijyb
  6505 | D:5      | Found the +7 lajatang of Order {silver, rMut}
  6732 | D:6      | Found a runed translucent door.
  6737 | D:6      | Noticed mopl's ghost (novice PaTm)
  6783 | D:6      | Noticed Prince Ribbit
  6789 | D:6      | Reached skill level 6 in Fighting
  6794 | D:6      | Reached skill level 8 in Polearms
  6805 | D:6      | Killed Prince Ribbit
  7012 | D:6      | Noticed Dowan
  7012 | D:6      | Noticed Duvessa
  7025 | D:6      | Killed Dowan
  7060 | D:6      | Killed Duvessa
  7214 | D:6      | Noticed Eustachio
  7245 | D:6      | Killed Eustachio
  7485 | D:6      | Reached skill level 9 in Polearms
  7531 | D:6      | Killed mopl's ghost
  7532 | D:6      | Reached skill level 7 in Fighting
  7532 | D:6      | Gained mutation: You regenerate a little health from kills.
                  | [demonic ancestry]
  7532 | D:6      | Reached XP level 9. HP: 38/72 MP: 9/9
  7539 | D:6      | Got an encrusted ring mail
  7549 | D:6      | Identified the +1 ring mail of Petat {rElec rN+} (You found
                  | it on level 6 of the Dungeon)
  8055 | D:7      | Reached skill level 10 in Polearms
  8165 | D:7      | Found a staircase to the Ecumenical Temple.
  8175 | Temple   | Entered the Ecumenical Temple
  8369 | Temple   | Became a worshipper of Yredelemnul the Dark
  8428 | D:7      | Reached skill level 1 in Invocations
  8677 | D:8      | Reached skill level 2 in Invocations
  8755 | D:8      | Reached skill level 8 in Fighting
  8800 | D:8      | Reached skill level 3 in Invocations
  9434 | D:8      | Reached * piety under Yredelemnul
  9443 | D:8      | Found the +10 Black Knight's barding {ponderous, rPois rN+}
  9758 | D:8      | Noticed a two-headed ogre
  9812 | D:8      | Killed a two-headed ogre
  9813 | D:8      | Reached skill level 11 in Polearms
  9813 | D:8      | Reached skill level 4 in Invocations
  9813 | D:8      | Reached XP level 10. HP: 50/82 MP: 11/13
 10100 | D:8      | Noticed Grum
 10117 | D:8      | Killed Grum
 10122 | D:8      | Reached skill level 5 in Invocations
 10195 | D:9      | Noticed a sixfirhy
 10220 | D:9      | Noticed Erolcha
 10238 | D:9      | Killed Erolcha
 10239 | D:9      | Reached skill level 9 in Fighting
 10441 | D:9      | Noticed Psyche
 10449 | D:9      | Killed Psyche
 10450 | D:9      | Reached skill level 6 in Invocations
 10616 | D:9      | Reached ** piety under Yredelemnul
 10851 | D:9      | Found a hazy altar of Hepliaklqana.
 10946 | D:10     | Entered Level 10 of the Dungeon
 11006 | D:10     | Found a runed translucent gate.
 11006 | D:10     | Found a runed translucent gate.
 11006 | D:10     | Found a runed translucent gate.
 11050 | D:10     | Noticed Joseph
 11081 | D:10     | HP: 7/83 [Joseph/sling bullet (7)]
 11391 | D:10     | Noticed Harold
 11452 | D:10     | Killed Harold
 11453 | D:10     | Reached skill level 12 in Polearms
 11453 | D:10     | Reached skill level 7 in Invocations
 12138 | D:10     | Noticed a centaur warrior
 12138 | D:10     | Noticed a seven-headed hydra
 12138 | D:10     | Noticed a deep elf mage
 12139 | D:10     | Noticed a cyclops
 12149 | D:10     | Hit by a large rock thrown by a cyclops

Vanquished Creatures
  Harold (D:10)
  A two-headed ogre (D:8)
  The ghost of mopl the Ruffian, a novice PaTm of Lugonu (D:6)
  Psyche (D:9)
  A kobold demonologist (D:9)
  A troll (D:9)
  Prince Ribbit (D:6)
  Eustachio (D:6)
  Grum (D:8)
  A steam dragon (D:8)
  Duvessa (D:6)
  A sky beast (D:8)
  An orc warrior (D:10)
  A phantom (D:9)
  3 wolves (D:8)
  2 ogres
  A necrophage (D:5)
  4 centaurs
  A big kobold (D:8)
  5 bullfrogs
  A wyvern zombie (D:7)
  3 scorpions
  4 killer bees
  5 wights
  A howler monkey (D:5)
  2 centaur zombies
  4 hounds
  2 jellies
  A bullfrog skeleton (D:4)
  Crazy Yiuf (D:4)
  A centaur skeleton (D:7)
  3 orc priests
  Jessica (D:2)
  Natasha (thrice) (D:2)
  2 iguanas
  4 worker ants
  Ijyb (D:5)
  7 orc wizards
  Robin (D:3)
  7 gnolls (D:7)
  7 adders
  A shadow imp (D:10)
  3 white imps
  2 ufetubi
  2 oozes
  An adder skeleton (D:4)
  3 worms
  4 dart slugs
  5 leopard geckos
  9 orcs
  3 ball pythons
  5 giant cockroaches
  14 goblins
  6 hobgoblins
  12 jackals
  3 quokkas
  7 bats
  3 frilled lizards
  A jackal skeleton (D:5)
  A jackal zombie (D:8)
  12 kobolds
  A quokka skeleton (D:7)
  10 rats
199 creatures vanquished.

Vanquished Creatures (collateral kills)
  Erolcha (D:9)
  Grinder (D:5)
  An orc warrior (D:8)
  A wolf (D:8)
  An ogre (D:4)
  2 bullfrogs
  Dowan (D:6)
  A scorpion (D:4)
  A wight (D:7)
  A quasit (D:4)
  An orc priest (D:2)
  4 orc wizards
  A hound skeleton (D:4)
  2 adders
  5 orcs
  A goblin (D:3)
  A kobold (D:8)
26 creatures vanquished.

Vanquished Creatures (others)
  A worker ant (D:6)
  A two-headed ogre zombie (D:8)
  An orc zombie (D:10)
  A fungus (D:4)
4 creatures vanquished.

Grand Total: 229 creatures vanquished

Table legend: (Time is in decaauts)
 A = Elapsed time spent in this place.
 B = Non-inter-level travel time spent in this place.
 C = Inter-level travel time spent in this place.
 D = Time resting spent in this place.
 E = Time spent auto-exploring this place.
 F = Levels seen in this place.
 G = Mean time per level.
                   A        B        C        D        E       F      G
               +--------+--------+--------+--------+--------+-----+--------+
         Total |  12044 |  11745 |    299 |   3422 |   6424 |  12 | 1003.7 |
       Dungeon |  11844 |  11550 |    294 |   3422 |   6252 |  11 | 1076.7 |
        Temple |    199 |    194 |      5 |      0 |    172 |   1 |  199.0 |
               +--------+--------+--------+--------+--------+-----+--------+

Top non-repeatable levels by time:
     D:4: 2268 daAuts
     D:2: 1931 daAuts
     D:8: 1192 daAuts
     D:7: 1017 daAuts
     D:3: 978 daAuts
     D:6: 964 daAuts
    D:10: 873 daAuts
     D:1: 850 daAuts
     D:9: 739 daAuts
     D:5: 733 daAuts
    D:11: 294 daAuts
  Temple: 199 daAuts

Table legend:
 A = Non-vault XP
 B = Vault XP
 C = Vault XP percentage of total XP
 D = Non-vault monster count
 E = Vault monster count
 F = Vault count percentage of total count
                 A         B        C        D         E       F
            +---------+---------+-------+---------+---------+-------
      Total |    5704 |    5184 |  47.6 |     181 |      45 |  19.9
            +---------+---------+-------+---------+---------+-------
        D:1 |      27 |       0 |   0.0 |      18 |       0 |   0.0
        D:2 |     170 |      74 |  30.3 |      29 |       2 |   6.5
        D:3 |      42 |      71 |  62.8 |      21 |       8 |  27.6
        D:4 |     399 |     342 |  46.2 |      15 |      11 |  42.3
        D:5 |     228 |     270 |  54.2 |       8 |       2 |  20.0
        D:6 |     241 |    1290 |  84.3 |       6 |       8 |  57.1
        D:7 |     913 |       0 |   0.0 |      27 |       0 |   0.0
        D:8 |    2166 |     887 |  29.1 |      33 |      11 |  25.0
        D:9 |    1020 |    1307 |  56.2 |      13 |       2 |  13.3
       D:10 |     498 |     943 |  65.4 |      11 |       1 |   8.3
            +---------+---------+-------+---------+---------+-------
